 Dungeon Crawl Stone Soup version 0.29.1-13-g9f3cf754e1 (webtiles) character file.

Game seed: 9621088025387724551

0 croobank the Sneak (level 1, -3/16 HPs)
             Began as an Octopode Delver on Feb 11, 2023.
             Slain by a kobold brigand
             ... wielding a +0 short sword
              (10 damage)
             ... on level 7 of the Dungeon.
             The game lasted 00:00:26 (165 turns).

croobank the Sneak (Octopode Delver)                 Turns: 165, Time: 00:00:27

Health: -3/16      AC:  1    Str: 11    XL:     1   Next: 10%
Magic:  1/1        EV: 13    Int: 12    God:
Gold:   23         SH:  0    Dex: 13    Spells: 0/0 levels left

rFire   . . .      SeeInvis .   a - +0 hand axe
rCold   . . .      Faith    .   (no shield)
rNeg    . . .      Spirit   .   (helmet restricted)
rPois   .          Reflect  .   (no amulet)
rElec   .          Harm     .   (no ring)
rCorr   .          Rampage  .   (no ring)
Will    .....                   (no ring)
Stlth   ++++......              (no ring)
HPRegen 0.05/turn               (no ring)
MPRegen 0.07/turn               (no ring)
                                (no ring)
                                (no ring)

@: no status effects
A: almost no armour, amphibious, 8 rings, camouflage 1, gelatinous body 1,
(nimble swimmer 1), tentacles
a: no special abilities


You were on level 7 of the Dungeon.
You visited 1 branch of the dungeon, and saw 3 of its levels.

You collected 23 gold pieces.

Inventory:

Hand Weapons
 a - a +0 hand axe (weapon)
Wands
 d - a wand of mindburst (12)
 f - a wand of digging (3)
Scrolls
 b - a scroll of fog
 c - a scroll of magic mapping
 g - a scroll of teleportation {unknown}
Potions
 e - a potion of haste


   Skills:
 + Level 3.0 Fighting
 + Level 2.0 Axes
 + Level 2.0 Dodging
 + Level 6.6 Stealth


You couldn't memorise any spells.
You didn't know any spells.
Your spell library was empty.

Dungeon Overview and Level Annotations

Branches:
Dungeon (7/15)
 Temple: D:4-7

Altars:


Innate Abilities, Weirdness & Mutations

You cannot wear most types of armour.
You are amphibious.
You can wear up to eight rings at the same time.
Your skin changes colour to match your surroundings (Stealth+).
Your rubbery body absorbs attacks. (AC +1, EV +1)
((You are camouflaged when in or above water. (Stealth+)))
You have tentacles for arms and can constrict up to eight enemies at once.


Message History

g - a scroll labelled BONYQ OTUN A hound comes into view.
Found a stone staircase leading down.
The hound barks!
Found a worn brass wand.
The hound bites you.
As you read the scroll of fear, it crumbles to dust.
You assume a fearsome visage.
The hound looks frightened!
Found a scroll labelled BONYQ OTUN.
Found 19 gold pieces.
There is a stone staircase leading down here.
A kobold comes into view. It is wielding a +0 short sword.
Found 39 gold pieces.
You see here a wand of mindburst (12).
d - a wand of mindburst (12)
Found 13 gold pieces.
You see here a scroll labelled BONYQ OTUN.
The helpless kobold fails to defend itself.
You hit the kobold. Your grab misses the kobold.
Your squeeze misses the kobold.
The kobold is moderately wounded.
The kobold hits you with a +0 short sword.
You completely miss the kobold. You grab the kobold.
The kobold is moderately wounded.
You constrict the kobold.
You hear a shout! x2
The kobold hits you with a +0 short sword.
You hear a shout! x2
You hit the kobold.
You kill the kobold!
A kobold brigand comes into view.
It is wielding a +0 short sword and quivering poisoned darts.
A kobold comes into view. It is wielding a +0 dagger.
You barely miss the kobold brigand.
The kobold shouts!
You grab the kobold brigand.
You constrict the kobold brigand, but do no damage.
A kobold comes into view.
It is wielding a +0 short sword and quivering poisoned darts.
The kobold brigand hits you with a +0 short sword!
Ouch! That really hurt!
You die...

.. ..# #.# .###
#.# ... #$K ..
K$# ##.# #K##..#
#@#..# .. ###?..#
. ...##.....#
............####.
#.#.###.>....$...
#...###..........
#......#.####..
###..#.#... .
#..#.#.###


You could see a kobold brigand and 2 kobolds.

Vanquished Creatures
  A kobold (D:7)
1 creature vanquished.

Notes
Turn   | Place    | Note
-------+----------+-------------------------------------------
     0 | D:5      | croobank the Octopode Delver began the quest for the Orb.
     0 | D:5      | Reached XP level 1. HP: 16/16 MP: 1/1
     1 | D:6      | Noticed an ice beast
     5 | D:6      | Noticed an orc priest
     6 | D:6      | Noticed an orc wizard
   148 | D:7      | Noticed a hound
   164 | D:7      | Noticed a kobold brigand
   165 | D:7      | Slain by a kobold brigand

Illustrated notes

Levels and vault maps discovered:
D:5:      layout_basic
D:6:      layout_cave_pools, serial_shops, shop
D:7:      layout_loops_ring, minmay_temple_entry_glassed_door,
          hangedman_decor_diamond_cutter, minmay_misc_feat_chi,
          minmay_crystal_room, minivault_22

Action                   || total
-------------------------++-------
Melee: Hand axe          ||     4
       Constrict         ||     2
  Use: Scroll            ||     1
 Stab: Sleeping          ||     1
